 Dungeon Crawl Stone Soup version 0.28-a0-1429-gf3d713df7a (webtiles) character file.

Game seed: 12776676092076374871

48 croobank the Sneak (level 3, 0/14 HPs)
             Began as a Felid Enchanter on Jan 8, 2022.
             Slain by an adder (1 damage)
             ... on level 2 of the Dungeon.
             The game lasted 00:05:41 (1932 turns).

croobank the Sneak (Felid Enchanter)                Turns: 1932, Time: 00:05:42

Health: 0/14       AC:  1    Str:  6    XL:     3   Next: 50%
Magic:  5/7        EV: 17    Int: 16    God:
Gold:   48         SH:  0    Dex: 16    Spells: 4/6 levels left
                                        Lives:  0   Deaths: 0

rFire   + . .      SeeInvis +     - Unarmed
rCold   . . .      Faith    .   (shield unavailable)
rNeg    . . .      Spirit   .   (armour unavailable)
rPois   .          Reflect  .   (helmet unavailable)
rElec   .          Harm     .   (cloak unavailable)
rCorr   .          Rampage  .   (gloves unavailable)
Will    .....                   (boots unavailable)
Stlth   +++.......              (no amulet)
HPRegen 0.04/turn               d - ring of protection from fire
MPRegen 0.10/turn               f - ring of flight

@: flying, quick
A: very small, claws 1, fangs 3, see invisible, speed 1, shaggy fur 1, stealthy
paws, no weapons or thrown items, no armour, multi-lived
a: no special abilities


You were on level 2 of the Dungeon.
You visited 1 branch of the dungeon, and saw 2 of its levels.

You collected 48 gold pieces.

Inventory:

Jewellery
 d - a ring of protection from fire (left paw)
 f - a ring of flight (right paw)
Scrolls
 b - 2 scrolls of teleportation
 e - a scroll of enchant weapon {unknown}
Potions
 a - a potion of invisibility
 c - a potion of might {unknown}


   Skills:
 - Level 2.6 Dodging
 + Level 6.4 Stealth
 - Level 1.0 Unarmed Combat
 - Level 2.0 Spellcasting
 - Level 4.4 Hexes


You had 4 spell levels left.
You knew the following spells:

 Your Spells              Type           Power      Damage    Failure   Level
a - Ensorcelled Hibernat  Hex/Ice        16%        N/A       13%         2

Your spell library contained the following spells:

 Spells                   Type           Power      Damage    Failure   Level
 Confusing Touch          Hex            15%        N/A       11%         3
 Tukima's Dance           Hex            15%        N/A       11%         3
 Dazzling Flash           Conj/Hex       16%        N/A       26%         3


Dungeon Overview and Level Annotations

Branches:
Dungeon (2/15)

Altars:

Annotations:
D:2 Jessica


Innate Abilities, Weirdness & Mutations

You have sharp claws.
You have razor-sharp teeth.
You have supernaturally acute eyesight. (SInv)
You cover ground quickly. (Speed+)
You are covered in fur. (AC +1)
Your paws help you pounce on unaware monsters.
You are incapable of wielding weapons or throwing items.
You cannot wear armour.
You gain extra lives every three experience levels.


Message History

You closely miss the adder. Your bite misses the adder.
The adder is severely wounded.
The adder completely misses you. The adder closely misses you.
You scratch the adder.
The adder is almost dead.
The adder barely misses you.
You closely miss the adder.
The adder is almost dead.
The adder closely misses you.
You scratch the adder.
You kill the adder!
Things that are here:
a +0 whip; an adder corpse; a kobold corpse The adder hisses angrily.
You see here a scroll labelled HAMIFR ESTROYR.
e - a scroll labelled HAMIFR ESTROYR Jessica shouts!
Casting: Ensorcelled Hibernation (safe; 13% risk of failure)
Confirm with . or Enter, or press ? or * to list all spells.
Aiming: Ensorcelled Hibernation (safe; 13% risk of failure)
Press: ? - help, Shift-Dir - straight line, f - Jessica
Aim: Jessica, wielding a +0 dagger and wearing a +0 robe (chance to affect: 50%) Jessica looks drowsy...
The adder bites you.
You are poisoned.
The adder poisons you!
You closely miss the adder.
You feel sick. The adder barely misses you.
You closely miss the adder.
You feel sick. The adder misses you. The adder bites you.
You miss the adder.
You feel sick. The adder bites you.
* * * LOW HITPOINT WARNING * * *
You closely miss the adder.
* * * LOW HITPOINT WARNING * * *
You feel sick. The adder misses you.
You closely miss the adder.
* * * LOW HITPOINT WARNING * * *
You feel sick.
You are no longer poisoned.
The adder bites you.
You die...

#.......#@# #.# #.......#.#
.. #.......#.# #.##
#.......#.# #..#
#.......#'### #.#
#.........# #)## ####+####
#....w....###..###...^[.....
#.........@.....##..........
#.........w...@.##..........
#.............S.##..........
+.........#####..#..........
#.........# ##.#..........
#.........# #............
#.........# ##...........
#######+### #...........
###'##+###### #....#


You could see a worm, an adder and Jessica (asleep).

Vanquished Creatures
  A gnoll (D:1)
  2 adders (D:2)
  2 bats
  2 endoplasms
  2 goblins
  A hobgoblin (D:1)
  3 jackals (D:1)
  A quokka (D:1)
  A ball python (D:2)
  3 kobolds
  A rat (D:1)
19 creatures vanquished.

Notes
Turn   | Place    | Note
-------+----------+-------------------------------------------
     0 | D:1      | croobank the Felid Enchanter began the quest for the Orb.
     0 | D:1      | Reached XP level 1. HP: 7/7 MP: 4/4
   528 | D:1      | Reached XP level 2. HP: 2/11 MP: 6/6
   890 | D:1      | Reached skill level 5 in Stealth
  1215 | D:1      | Learned a level 2 spell: Ensorcelled Hibernation
  1667 | D:2      | Reached XP level 3. HP: 14/14 MP: 7/7
  1730 | D:2      | Reached skill level 6 in Stealth
  1890 | D:2      | Noticed Jessica
  1932 | D:2      | Slain by an adder

Illustrated notes

Levels and vault maps discovered:
D:1:      sevenhm_arrival_forest_fort_small_5, layout_loops_ring, st_stairs_2
D:2:      layout_basic, hellmonk_ecumenical_altar_leap_of_faith, uniq_jessica

Skill      XL: |  1  2  3 |
---------------+----------+-----
Stealth        | 5 6 |  6.4
Dodging        | |  2.6
Unarmed Combat | |  1.0
Spellcasting   | |  2.0
Hexes          | |  4.4

Action                   || total
-------------------------++-------
Melee: Unarmed           ||    65
       Bite              ||     3
       Punch             ||     1
 Cast: Ensorcelled Hiber ||     3
  Use: Scroll            ||     3
 Stab: Sleeping          ||     6
Armor: Skin              ||     2
Dodge: Dodged            ||    54

Table legend: (Time is in decaauts)
 A = Elapsed time spent in this place.
 B = Non-inter-level travel time spent in this place.
 C = Inter-level travel time spent in this place.
 D = Time resting spent in this place.
 E = Time spent auto-exploring this place.
 F = Levels seen in this place.
 G = Mean time per level.
                   A        B        C        D        E       F      G
               +--------+--------+--------+--------+--------+-----+--------+
         Total |   1788 |   1774 |     14 |    729 |    833 |   2 |  894.0 |
       Dungeon |   1788 |   1774 |     14 |    729 |    833 |   2 |  894.0 |
               +--------+--------+--------+--------+--------+-----+--------+

Top non-repeatable levels by time:
     D:1: 1521 daAuts
     D:2: 266 daAuts
